Map: Nightscape LE

Players

Freack - Winner!

  • Race: Terran Terran
  • League: Platinum
  • Spawn Location: 7:00

Darasuum - Winner!

  • Race: Terran Terran
  • League: Diamond
  • Spawn Location: 7:00

Throwfordays

  • Race: Protoss Protoss
  • League: Silver
  • Spawn Location: 1:00

Faust

  • Race: Zerg Zerg
  • League: Diamond
  • Spawn Location: 1:00

VOD

Have the link to the VOD?

Description

Time

  • Played on: July 18, 2020, 12:28 a.m.
  • Length: 17:20
Show
View Real Time Build Order
Export as new Build Order

Freack Terran - Winner!

Build Orders: Reaper Expand, Mech 

Get SALT Encoding   

  12  0:01  SCV  
  13  0:13  SCV  
  14  0:17  Supply Depot  
  14  0:25  SCV  
  15  0:39  SCV  
  15  0:40  Barracks  
  16  0:46  Refinery  
  16  0:51  SCV  
  17  1:03  SCV  
  18  1:15  SCV  
  19  1:28  Orbital Command  
  19  1:30  Reaper  
  20  1:44  Command Center  
  20  1:53  SCV  
  21  1:57  Supply Depot  
  21  2:03  Marine  
  21  2:08  SCV  
  23  2:10  Factory  
  23  2:20  SCV  
  24  2:25  Refinery  
  24  2:32  SCV  
  24  2:35  Barracks Reactor  
  25  2:44  SCV  
  25  2:49  Bunker  
  26  2:56  SCV, Widow Mine  
  29  2:59  Orbital Command  
  29  3:04  Starport  
  29  3:08  SCV  
  30  3:18  Marine x2  
  32  3:20  SCV  
  32  3:21  Widow Mine  
  32  3:26  SCV  
  36  3:31  Supply Depot  
  36  3:33  SCV  
  37  3:36  Marine x2  
  37  3:38  SCV  
  40  3:45  SCV, Medivac  
  40  3:46  Supply Depot  
  43  3:50  SCV  
  43  3:53  Widow Mine  
  46  3:58  SCV  
  46  4:02  SCV  
  48  4:09  Command Center  
  48  4:11  SCV  
  49  4:17  SCV  
  49  4:19  Armory  
  50  4:25  Starport Tech Lab  
  50  4:26  SCV  
  50  4:28  Factory Tech Lab  
  50  4:29  SCV  
  53  4:38  SCV  
  53  4:41  SCV  
  53  4:43  Refinery  
  54  4:45  Refinery  
  54  4:47  Cloaking Field  
  54  4:48  Banshee  
  54  4:50  SCV, Hellion  
  60  4:53  SCV  
  61  5:02  SCV  
  62  5:20  SCV x2  
  64  5:25  Supply Depot, Orbital Command  
  64  5:27  Terran Vehicle And Ship Armor Level 1  
  64  5:28  Supply Depot  
  64  5:29  Thor  
  64  5:32  SCV x2  
  70  5:44  Factory  
  70  5:45  SCV x2  
  71  5:57  SCV  
  71  5:59  Supply Depot, SCV  
  71  6:00  SCV  
  71  6:04  Banshee  
  73  6:06  Supply Depot  
  73  6:09  SCV  
  77  6:11  Thor, SCV  
  77  6:13  Supply Depot  
  82  6:21  SCV  
  82  6:24  SCV  
  84  6:27  Orbital Command  
  84  6:29  Refinery  
  84  6:33  SCV  
  84  6:36  SCV  
  84  6:45  SCV  
  83  6:48  SCV  
  84  6:57  SCV  
  84  7:00  SCV  
  86  7:04  SCV  
  86  7:07  Factory  
  87  7:09  SCV, Factory  
  87  7:12  SCV  
  89  7:16  SCV  
  89  7:21  SCV  
  89  7:22  Supply Depot  
  91  7:24  SCV  
  91  7:28  SCV  
  91  7:29  Refinery  
  93  7:32  Command Center  
  93  7:33  SCV  
  93  7:36  SCV  
  89  7:38  Hellbat x3  
  89  7:46  SCV x2  
  89  7:48  SCV  
  91  7:56  Banshee  
  94  7:58  SCV x2  
  94  7:59  Factory Reactor, Factory Tech Lab  
  94  8:00  SCV  
  97  8:09  Factory  
  97  8:10  SCV x2  
  97  8:12  SCV, Factory  
  99  8:13  Supply Depot  
  99  8:14  Engineering Bay  
  99  8:19  Supply Depot, Terran Vehicle And Ship Armor Level 2  
  100  8:22  SCV  
  100  8:23  SCV  
  100  8:25  SCV  
  103  8:34  SCV  
  103  8:35  Thor x2  
  103  8:38  Hellbat x2  
  103  8:39  Hellbat x2  
  103  8:40  Infernal Pre-Igniter  
  124  8:43  SCV x2  
  124  8:45  Supply Depot  
  126  8:49  SCV  
  126  8:54  Supply Depot  
  126  8:55  SCV x2  
  129  8:57  Sensor Tower  
  129  8:58  Missile Turret  
  129  9:07  Hellbat x2  
  129  9:08  Hellbat x2  
  138  9:10  SCV x2  
  138  9:11  Banshee, SCV  
  138  9:14  Command Center  
  143  9:18  Thor x2  
  143  9:22  Factory Tech Lab x2  
  155  9:29  Hellbat x3  
  161  9:31  Refinery  
  161  9:33  Refinery  
  161  9:35  SCV x2  
  161  9:36  Supply Depot  
  163  9:38  Missile Turret  
  163  9:39  Supply Depot  
  163  9:40  SCV  
  164  9:48  SCV, Armory  
  164  9:52  Planetary Fortress  
  165  9:53  Banshee  
  168  10:00  Thor  
  168  10:04  Supply Depot  
  174  10:14  SCV x2  
  174  10:21  Thor  
  176  10:22  Hellbat x3, Command Center  
  188  10:42  Banshee  
  191  10:43  Thor  
  197  10:54  Hellbat  
  199  11:02  Supply Depot  
  199  11:05  Missile Turret  
  188  11:55  Thor x2  
  200  12:06  Planetary Fortress  
  200  12:19  Factory  
  200  12:24  Factory  
  200  12:29  Armory, Factory  
  200  12:30  Terran Vehicle Weapons Level 1, Terran Vehicle And Ship Armor Level 3, Factory x2  
  200  12:33  Refinery x2, Factory  
  200  12:34  Fusion Core  
  163  13:01  Thor x4  
  163  13:03  Banshee  
  163  13:05  Hellbat x4  
  190  13:09  Missile Turret  
  190  13:10  Factory  
  186  13:13  Missile Turret  
  186  13:18  Factory  
  186  13:19  Factory Tech Lab  
  168  13:20  Factory Tech Lab x4  
  168  13:26  Hellbat, Factory Reactor  
  168  13:27  Hellbat  
  172  13:31  Factory x2  
  172  13:32  Factory  
  172  13:33  Factory  
  172  13:44  Thor x4  
  172  13:46  Banshee  
  193  13:57  Factory Reactor  
  193  13:58  Thor  
  193  14:00  Factory  
  165  14:18  Factory  
  165  14:22  Thor x2  
  171  14:27  Thor x3  
  171  14:29  Thor  
  199  14:31  Hellbat x2  
  199  14:35  Factory Tech Lab  
  199  14:36  Refinery  
  199  14:45  Terran Vehicle Weapons Level 2  
  199  14:58  Factory Tech Lab  
  199  15:01  Factory Tech Lab x2  
  199  15:02  Factory Tech Lab x2  
  199  15:15  Factory Tech Lab  
  199  15:26  Refinery  
  199  15:42  Missile Turret  
  199  16:02  Command Center  
  193  16:11  Command Center  
  193  16:32  Refinery  
  187  16:53  Hellbat  
  189  16:54  Hellbat  
  177  17:08  Refinery  
Show
View Real Time Build Order
Export as new Build Order

Darasuum Terran - Winner!

Build Orders: 2 Factory, Reaper Expand, Mech 

Get SALT Encoding   

  12  0:01  SCV  
  13  0:13  SCV  
  14  0:17  Supply Depot  
  14  0:25  SCV  
  15  0:39  SCV  
  15  0:40  Barracks  
  16  0:44  Refinery  
  16  0:51  SCV  
  17  1:03  SCV  
  18  1:15  SCV  
  19  1:27  Orbital Command  
  19  1:28  Reaper  
  20  1:44  Command Center  
  20  1:49  Supply Depot  
  20  1:53  SCV  
  21  2:00  Marine  
  22  2:02  Refinery  
  22  2:10  SCV  
  23  2:18  Factory  
  23  2:22  SCV  
  24  2:28  Barracks Reactor  
  24  2:34  SCV  
  25  3:19  Factory Tech Lab  
  25  3:20  Marine x2  
  25  3:21  Orbital Command  
  27  3:28  Factory  
  27  3:29  Factory  
  27  3:38  Marine x2  
  29  3:43  Orbital Command  
  29  3:50  Bunker  
  29  3:56  Siege Tank  
  31  4:03  Marine  
  31  4:04  Marine  
  31  4:09  SCV  
  35  4:10  SCV  
  35  4:12  Factory Tech Lab  
  35  4:18  Starport  
  35  4:20  Supply Depot x2  
  35  4:22  SCV  
  36  4:36  Siege Tank  
  36  4:38  Barracks Reactor  
  39  4:39  SCV x2  
  39  4:40  Refinery  
  39  4:42  Refinery  
  41  4:51  SCV x2  
  43  4:58  Medivac  
  45  5:03  SCV x2  
  46  5:12  Siege Tank  
  49  5:15  SCV x2  
  49  5:20  Supply Depot  
  51  5:22  Armory  
  51  5:27  SCV x2  
  53  5:39  SCV x2  
  55  5:59  SCV x2  
  55  6:03  Siege Tank x2  
  65  6:04  Hellion x2  
  65  6:05  Infernal Pre-Igniter  
  67  6:11  Command Center  
  67  6:19  Terran Vehicle And Ship Armor Level 1  
  67  6:22  Drilling Claws  
  67  6:33  Supply Depot  
  67  6:35  Supply Depot  
  67  6:39  Hellion  
  69  6:55  Thor, Hellion  
  77  7:07  Thor  
  83  7:09  Hellion  
  85  7:26  Engineering Bay  
  85  7:37  Hellion x2  
  87  8:02  Thor, Hellion x2  
  97  8:07  Supply Depot  
  97  8:08  Supply Depot x2  
  97  8:09  Orbital Command  
  97  8:11  SCV x2  
  99  8:16  Terran Vehicle And Ship Armor Level 2  
  99  8:21  Armory  
  99  8:23  SCV x2  
  101  8:28  Thor  
  101  8:30  Hi-Sec Auto Tracking  
  107  8:35  Missile Turret  
  107  8:36  SCV  
  107  8:37  SCV x2  
  107  8:40  Missile Turret x2  
  110  8:43  Missile Turret  
  110  8:47  Missile Turret  
  110  8:49  SCV x3  
  110  8:52  Missile Turret  
  110  8:53  Missile Turret  
  113  8:55  Missile Turret  
  113  9:01  SCV x3, Supply Depot  
  116  9:07  Smart Servos  
  116  9:10  Terran Vehicle Weapons Level 1  
  116  9:38  Thor  
  116  9:39  Thor  
  116  9:40  Widow Mine x2  
  132  9:46  Factory  
  132  9:47  Factory  
  132  9:49  Liberator x2  
  132  9:51  Supply Depot  
  132  9:52  Supply Depot  
  138  9:54  Refinery  
  138  9:55  Refinery  
  138  9:57  Supply Depot  
  138  9:58  Supply Depot  
  138  9:59  Supply Depot  
  138  10:00  Supply Depot  
  138  10:19  Hellion x2  
  142  10:27  Command Center  
  142  10:35  Factory Reactor, Factory Tech Lab  
  142  10:56  Thor x3  
  154  10:57  Widow Mine x2  
  156  11:08  Terran Vehicle Weapons Level 2, Terran Vehicle And Ship Armor Level 3  
  156  11:13  Liberator  
  159  11:19  Missile Turret  
  159  11:20  Missile Turret  
  159  11:21  Missile Turret  
  159  11:24  Missile Turret x2  
  159  11:28  SCV x3  
  160  11:59  Orbital Command  
  160  12:00  SCV x3  
  163  12:02  Refinery x2  
  163  12:11  Thor x2  
  163  12:12  SCV x2  
  163  12:13  Hellion x2  
  181  12:27  SCV x3  
  182  12:31  SCV  
  181  12:39  SCV x2  
  183  12:47  Siege Tank  
  183  12:48  Widow Mine x2  
  183  12:49  Widow Mine x2  
  182  13:09  Siege Tank x2  
  182  13:12  Liberator x2  
  176  13:26  Terran Vehicle Weapons Level 3  
  175  13:29  Hellion x4  
  175  13:34  SCV x3  
  180  13:46  Terran Ship Weapons Level 1  
  173  13:50  Fusion Core  
  173  13:54  Command Center  
  158  14:04  Command Center  
  158  14:06  Siege Tank x3  
  158  14:07  Hellion x4, Liberator  
  158  14:08  Liberator  
  165  14:34  Hellion x4  
  165  14:38  Siege Tank  
  164  14:49  Advanced Ballistics  
  164  14:57  Hellion x4  
  164  14:58  Thor x2  
  178  15:06  Planetary Fortress  
  178  15:09  Refinery  
  178  15:18  Refinery  
  154  15:28  SCV  
  154  15:29  SCV x3  
  154  15:35  Thor  
  161  15:36  Widow Mine x2  
  161  15:40  SCV  
  161  15:41  Thor, SCV x2  
  174  15:49  Thor  
  180  15:54  Factory  
  180  15:57  Factory  
  180  15:59  Refinery  
  180  16:00  Missile Turret  
  180  16:03  Supply Depot  
  180  16:11  Planetary Fortress  
  180  16:21  Missile Turret  
  180  16:27  Thor x2  
  180  16:32  Thor  
  186  16:44  Hellion x4  
  182  17:10  Factory Tech Lab x2  
Show
View Real Time Build Order
Export as new Build Order

Throwfordays Protoss 

Build Orders: Double Forge 

Get SALT Encoding   

  12  0:00  Probe  
  13  0:13  Probe  
  14  0:18  Pylon  
  14  0:25  Probe  
  15  0:38  Gateway  
  15  0:41  Probe  
  16  0:55  Assimilator, Probe  
  17  1:12  Gateway, Probe  
  18  1:20  Probe  
  19  1:25  Assimilator  
  19  1:30  Probe  
  19  1:32  Pylon  
  20  1:34  Cybernetics Core  
  20  1:55  Probe  
  21  2:03  Warp Gate  
  21  2:07  Probe  
  22  2:14  Nexus  
  22  2:19  Pylon  
  22  2:20  Probe  
  23  2:38  Adept x2  
  23  2:43  Pylon  
  23  3:13  Adept  
  23  3:17  Probe  
  25  3:25  Probe  
  25  3:26  Probe  
  28  3:35  Probe x2  
  30  3:43  Probe  
  31  3:53  Probe  
  31  3:54  Probe  
  33  4:05  Probe  
  33  4:06  Probe  
  33  4:08  Forge  
  35  4:12  Forge  
  35  4:17  Probe  
  35  4:18  Probe  
  37  4:29  Probe  
  37  4:30  Probe  
  39  4:36  Protoss Ground Armor Level 1  
  39  4:41  Probe  
  39  4:42  Assimilator, Probe  
  39  4:45  Protoss Ground Weapons Level 1  
  41  4:53  Probe  
  41  4:54  Probe  
  41  4:55  Gateway  
  41  4:57  Gateway  
  41  4:59  Twilight Council  
  43  5:05  Probe  
  39  5:17  Photon Cannon  
  34  5:24  Photon Cannon  
  34  5:52  Probe  
  35  6:04  Probe  
  36  6:14  Photon Cannon  
  36  6:21  Probe  
  37  6:26  Photon Cannon  
  37  6:28  Probe  
  38  6:33  Probe  
  39  6:40  Probe  
  39  6:45  Probe  
  41  6:47  Pylon  
  41  6:50  Stalker  
  41  6:51  Stalker  
  41  6:52  Probe  
  41  6:54  Stalker  
  48  6:58  Stalker  
  50  7:04  Probe  
  50  7:06  Probe  
  52  7:09  Photon Cannon  
  52  7:13  Pylon  
  52  7:17  Probe  
  52  7:20  Assimilator  
  53  7:29  Probe  
  54  7:35  Protoss Ground Weapons Level 2  
  54  7:36  Protoss Ground Armor Level 2  
  54  7:41  Probe  
  55  7:46  Templar Archives  
  55  7:57  Pylon  
  55  8:01  Robotics Facility  
  55  8:03  Robotics Facility  
  55  8:04  Probe  
  56  8:09  Psionic Storm  
  56  8:17  Probe  
  57  8:29  Probe  
  57  8:32  Nexus  
  58  8:35  Assimilator  
  58  8:39  Assimilator  
  58  8:42  Pylon  
  58  8:45  Pylon  
  58  8:46  Stalker x4  
  66  8:54  Immortal  
  70  8:56  Charge  
  70  9:00  Immortal  
  74  9:18  Probe  
  74  9:20  Probe  
  76  9:26  Pylon  
  76  9:28  Pylon  
  76  9:30  Pylon, Probe  
  77  9:32  Probe  
  78  9:39  Immortal  
  78  9:42  Probe  
  78  9:44  Probe  
  84  9:49  Probe, Immortal  
  88  9:57  Probe  
  90  10:09  Gateway  
  90  10:10  Gateway  
  90  10:14  Pylon  
  90  10:15  Pylon  
  90  10:17  High Templar x3  
  90  10:18  High Templar  
  90  10:49  Observer x2  
  87  10:57  Blink  
  87  11:00  Stalker  
  87  11:01  Stalker x3  
  95  11:08  Probe  
  95  11:16  Probe  
  96  11:22  Probe  
  97  11:26  Stalker x2, Probe  
  97  11:27  Stalker x3  
  97  11:28  Stalker  
  109  11:34  Probe  
  109  11:37  Probe  
  109  11:38  Probe  
  112  11:46  Probe  
  113  11:49  Probe x2  
  115  11:57  Probe  
  115  11:58  Probe  
  117  12:01  Immortal  
  117  12:03  Immortal  
  117  12:05  Probe  
  125  12:10  Probe  
  127  12:17  Probe  
  127  12:22  Probe  
  129  12:29  Probe  
  130  12:34  Probe  
  123  13:05  High Templar x4  
  123  13:06  High Templar x2  
  123  13:09  Immortal x2  
  103  14:06  Archon  
  97  14:20  Immortal x2  
  97  14:22  Stalker x3  
  97  14:23  Stalker x3  
  107  14:28  Nexus  
  79  14:46  Stalker x2  
  79  14:47  Stalker x4  
  89  15:01  Gateway  
  89  15:03  Gateway x2  
  89  15:05  Gateway  
  89  15:09  Immortal x2  
  97  15:27  Stalker x5  
  97  15:28  Stalker  
  109  15:56  Photon Cannon  
  109  15:58  Photon Cannon  
  109  15:59  Immortal x2  
  109  16:00  High Templar  
  109  16:01  High Templar x4  
  127  16:04  Nexus  
  127  16:06  Pylon  
  56  17:11  Zealot x3  
  56  17:12  Zealot x7  
Show
View Real Time Build Order
Export as new Build Order

Faust Zerg 

Build Orders: Hatch First, Muta Ling Bane 

Get SALT Encoding   

  12  0:01  Drone  
  13  0:13  Drone  
  14  0:16  Extractor  
  14  0:17  Drone  
  15  0:22  Overlord  
  15  0:45  Hatchery  
  14  0:51  Drone  
  14  0:54  Drone  
  16  1:09  Spawning Pool  
  15  1:14  Drone  
  15  1:16  Extractor  
  15  1:18  Drone  
  16  1:24  Overlord  
  16  1:28  Drone  
  17  1:48  Drone  
  17  1:49  Drone  
  19  1:56  Extractor  
  19  1:59  Queen  
  20  2:02  Drone x2  
  22  2:08  Queen  
  24  2:19  Metabolic Boost  
  24  2:21  Drone  
  25  2:23  Drone  
  25  2:25  Drone  
  27  2:30  Drone  
  27  2:32  Drone  
  27  2:46  Zergling x4  
  27  2:49  Drone  
  29  3:08  Drone x2  
  31  3:17  Zergling x2  
  32  3:24  Drone x4  
  36  3:29  Overlord x3  
  36  3:35  Evolution Chamber  
  36  3:39  Baneling Nest  
  34  3:44  Drone x2  
  35  3:49  Zergling x4  
  37  3:59  Drone  
  37  4:00  Drone  
  39  4:14  Overlord x2  
  39  4:18  Zerg Melee Weapons Level 1  
  39  4:21  Zergling x2  
  39  4:22  Zergling x6  
  41  4:38  Zergling x10  
  46  4:46  Drone x3  
  49  5:00  Hatchery, Overlord  
  49  5:01  Overlord  
  48  5:15  Lair  
  48  5:18  Zergling x2  
  48  5:19  Zergling x16  
  57  5:33  Spore Crawler  
  56  5:36  Spine Crawler  
  56  5:37  Spore Crawler  
  54  5:43  Spine Crawler  
  53  6:18  Drone  
  53  6:19  Drone x8  
  53  6:23  Extractor  
  53  6:24  Drone x3  
  63  6:26  Extractor  
  52  6:55  Zergling x2  
  52  6:56  Zergling x16  
  61  7:02  Zergling x2  
  61  7:03  Zerg Melee Weapons Level 2  
  61  7:05  Centrifical Hooks  
  61  7:08  Queen  
  62  7:09  Drone  
  62  7:10  Drone x5  
  70  7:15  Drone  
  53  7:52  Drone x2  
  53  7:53  Drone x3  
  53  7:54  Drone  
  53  7:55  Drone x3  
  53  7:56  Drone x3  
  65  8:00  Spine Crawler  
  65  8:01  Spine Crawler  
  63  8:20  Spire  
  62  8:28  Extractor  
  62  8:29  Drone x2  
  62  8:30  Drone x2  
  65  8:45  Hatchery, Drone  
  65  8:46  Drone  
  65  8:47  Drone x2  
  68  8:49  Drone x2  
  68  8:50  Drone x2  
  68  8:54  Extractor  
  71  8:59  Drone x3  
  74  9:05  Drone  
  74  9:06  Drone x5  
  74  9:08  Overlord  
  74  9:09  Overlord x2  
  80  9:13  Overseer  
  80  9:21  Drone  
  80  9:39  Pneumatized Carapace  
  80  9:46  Zerg Flyer Weapons Level 1  
  80  9:56  Mutalisk x15  
  80  9:57  Mutalisk  
  112  10:03  Overlord x4  
  112  10:04  Overlord x3  
  112  10:07  Extractor  
  112  10:09  Drone  
  112  10:11  Extractor  
  111  10:14  Spore Crawler  
  111  10:16  Spine Crawler, Overlord x2  
  111  10:17  Overlord  
  109  10:30  Spore Crawler  
  109  10:31  Spore Crawler  
  109  10:33  Spore Crawler  
  106  10:47  Overseer  
  102  10:54  Drone x9  
  102  10:55  Drone x2  
  109  11:03  Mutalisk  
  111  11:04  Mutalisk x6  
  111  11:05  Mutalisk x3  
  129  11:20  Mutalisk  
  129  11:21  Mutalisk x2  
  129  11:23  Drone x2  
  137  11:37  Spore Crawler  
  137  11:39  Spore Crawler  
  103  12:20  Zergling x16  
  103  12:21  Zergling x10  
  113  12:39  Baneling  
  113  12:40  Baneling x11  
  113  12:41  Baneling x11  
  68  13:31  Corruptor  
  68  13:32  Corruptor x11  
  88  13:42  Infestation Pit  
  72  14:33  Zergling x6  
  72  14:34  Zergling x12  
  81  14:43  Zergling x2  
  67  15:33  Overseer  
  66  15:36  Corruptor x6  
  66  15:37  Corruptor x6  
  90  16:12  Queen  
Tags
 
Add a new tag
Caveats
  • Supply blocks, unpowered buildings, or Contaminate may cause inaccurate times.
  • Supply counts are checked every 10 seconds.